 Dungeon Crawl Stone Soup version 0.25.1-2-g60ff931df9 (webtiles) character file.

Game seed: 16385665741584653515

3960 hawla the Slicer (level 10, 0/88 HPs)
             Began as a Minotaur Fighter on Oct 23, 2020.
             Was an Initiate of Gozag.
             Slain by a crocodile (9 damage)
             ... on level 7 of the Dungeon.
             The game lasted 00:25:37 (10799 turns).

hawla the Slicer (Minotaur Fighter)                Turns: 10799, Time: 00:25:37

Health: 0/88       AC: 10    Str: 26    XL:     10   Next: 2%
Magic:  9/9        EV: 14    Int:  5    God:    Gozag
Gold:   415        SH:  0    Dex: 10    Spells: 9/9 levels left

rFire    . . .     SeeInvis .   n - +2 dagger (venom)
rCold    . . .     Gourm    .   (no shield)
rNeg     + . .     Faith    .   k - +3 scale mail
rPois    +         Spirit   .   (helmet restricted)
rElec    .         Reflect  .   (no cloak)
rCorr    .         Harm     .   (no gloves)
MR       +....                  (no boots)
Stlth    +.........             r - amulet of Wemacwonin {RegenMP +Fly rN+ Str+2}
HPRegen  0.24/turn              (no ring)
MPRegen  0.36/turn              (no ring)

@: gold aura, stab
A: retaliatory headbutt, horns 2, magic resistance 1, poison resistance
a: Potion Petition, Call Merchant, Bribe Branch, Renounce Religion, Evoke Flight


You were on level 7 of the Dungeon.
You worshipped Gozag.
Gozag was aware of your devotion.
You were full.

You visited 2 branches of the dungeon, and saw 9 of its levels.

You collected 506 gold pieces.
You paid 91 gold pieces to Gozag.

Inventory:

Hand Weapons
 a - a +0 long sword
 g - a +4 rapier
 n - a +2 dagger of venom (weapon)
Missiles
 e - 38 poisoned darts
 i - 11 boomerangs (quivered)
Armour
 k - a +3 scale mail (worn)
 m - a +2 robe of magic resistance
Jewellery
 r - the amulet of Wemacwonin (around neck) {RegenMP +Fly rN+ Str+2}
   (You found it on level 7 of the Dungeon)

   [amulet of magic regeneration]

   It increases your magic regeneration.
   It affects your strength (+2).
   It protects you from negative energy.
   It lets you fly.
Wands
 d - a wand of random effects (20)
Scrolls
 b - 4 scrolls of enchant weapon
 c - 3 scrolls of remove curse
 h - 5 scrolls of identify
 l - a scroll of amnesia {unknown}
Potions
 p - 2 potions of brilliance
 q - a potion of flight
Comestibles
 f - 13 rations


   Skills:
 + Level 7.9 Fighting
 + Level 8.6(8.9) Short Blades
 + Level 3.6(7.0) Long Blades
 + Level 2.2 Throwing
 + Level 7.1 Armour
 * Level 8.5 Dodging
 - Level 3.0 Stealth
   Level 3.6 Shields


You had 9 spell levels left.
You didn't know any spells.
Your spell library contained the following spells:

 Spells                   Type           Power        Failure   Level  Hunger
 Magic Dart               Conj           #...         75%         1    ##.....


Dungeon Overview and Level Annotations

Branches:
Dungeon (8/15)             Temple (1/1) D:4            Lair (0/6) D:8

Altars:
Ashenzari
Cheibriados
Dithmenos
Elyvilon
Fedhas
Gozag
Hepliaklqana
Kikubaaqudgha
Makhleb
Nemelex Xobeh
Okawaru
Qazlal
Ru
Sif Muna
Trog
Uskayaw
Vehumet
Wu Jian
Xom
Yredelemnul
Zin
The Shining One

Shops:
D:4 !


Innate Abilities, Weirdness & Mutations

You reflexively headbutt those who attack you in melee.
You have a pair of horns on your head.
You are resistant to hostile enchantments. (MR+)
Your system is resistant to poisons. (rPois)


Message History

The elephant barely misses you. You furiously retaliate!
You headbutt the elephant! The elephant closely misses you.
You feel ready to backstab.
You kill the elephant!
Your Armour skill increases to level 7!
You have reached level 10!
The crocodile bites you but does no damage.
The crocodile bites you!
* * * LOW HITPOINT WARNING * * *
There is a stone staircase leading down, spattered with blood here.
You see here 20 gold pieces.
You hit the crocodile but do no damage.
The crocodile is poisoned.
You headbutt the crocodile.
The crocodile is lightly wounded.
You hit the crocodile but do no damage.
The crocodile looks as sick as possible!
The crocodile is lightly wounded.
The crocodile bites you!
You die...
Your body crumbles into a pile of gold.

#######.........###### #######
......##'###.......(.# #......
......##.###########(######.#...#
......##.........##..(......#....
......#####..###.##..#(......###.
......#####......##..+..)....# #.
..................#.##.......# ##
.(.............[t)#..........####
...............[@$#........._#...
......#########[###..[.......#...
####### #.###....#'#####...
#........#.# #)). ######...#.#
###... #...#.# #.(... #...#.#
#(#... #####.# #.#... #.###.#...


You could see a crocodile (extremely poisoned).

Vanquished Creatures
  An elephant (D:7)
  A yak (D:7)
  An ice beast (D:5)
  2 black bears (D:7)
  A sky beast (D:7)
  5 ogres
  3 centaurs
  A big kobold (D:7)
  A bullfrog (D:7)
  A gnoll sergeant (D:4)
  A wyvern skeleton (D:7)
  2 scorpions
  14 killer bees
  3 wights (D:7)
  2 howler monkeys
  A crimson imp (D:5)
  2 jellies (D:5)
  6 orc priests
  A hound (D:6)
  A bullfrog skeleton (D:4)
  A centaur skeleton (D:4)
  13 orc wizards
  Natasha (thrice) (D:4)
  3 iguanas
  6 worker ants
  2 worker ant zombies (D:5)
  10 gnolls
  7 adders
  An ooze (D:2)
  2 worms
  9 leopard geckos
  32 orcs
  8 giant cockroaches
  5 goblins
  5 hobgoblins
  4 jackals (D:3)
  2 quokkas
  A ball python (D:2)
  A ball python skeleton (D:4)
  7 bats
  7 frilled lizards
  6 kobolds
  A quokka zombie (D:5)
  4 rats
190 creatures vanquished.

Notes
Turn   | Place    | Note
-------+----------+-------------------------------------------
     0 | D:1      | hawla the Minotaur Fighter began the quest for the Orb.
     0 | D:1      | Reached XP level 1. HP: 19/19 MP: 0/0
   393 | D:1      | Reached XP level 2. HP: 26/27 MP: 1/1
   398 | D:1      | Reached skill level 1 in Dodging
   846 | D:2      | Found a hazy altar of Hepliaklqana.
   974 | D:2      | Reached XP level 3. HP: 33/33 MP: 2/2
   983 | D:2      | Reached skill level 1 in Stealth
  1150 | D:2      | Reached XP level 4. HP: 16/40 MP: 3/3
  1166 | D:2      | HP: 2/40 [poisoned by an adder]
  1497 | D:2      | Reached skill level 1 in Short Blades
  1722 | D:2      | Reached XP level 5. HP: 38/46 MP: 4/4
  3493 | D:4      | Noticed Natasha
  3497 | D:4      | Killed Natasha
  3566 | D:4      | Reached XP level 6. HP: 25/53 MP: 5/5
  3620 | D:4      | Noticed Natasha
  3684 | D:4      | Killed Natasha
  3875 | D:4      | Noticed Natasha
  3881 | D:4      | Killed Natasha
  3952 | D:4      | Found a staircase to the Ecumenical Temple.
  3960 | Temple   | Entered the Ecumenical Temple
  4719 | D:4      | Found Kuajoply's Distillery.
  5064 | D:4      | Reached XP level 7. HP: 23/60 MP: 6/6
  5454 | D:5      | Entered Level 5 of the Dungeon
  5552 | D:5      | Reached skill level 5 in Fighting
  5556 | D:5      | Reached skill level 5 in Short Blades
  5812 | D:5      | Found a glowing golden altar of the Shining One.
  5957 | D:4      | Reached skill level 1 in Throwing
  6121 | D:5      | Found a glowing golden altar of the Shining One.
  6126 | D:5      | Found a shimmering altar of Xom.
  6126 | D:5      | Found a shattered altar of Ashenzari.
  6152 | D:5      | Gained mutation: You are resistant to hostile enchantments.
                  | (MR+) [potion of mutation]
  6152 | D:5      | Gained mutation: Your system is resistant to poisons.
                  | (rPois) [potion of mutation]
  6643 | D:4      | Reached XP level 8. HP: 40/69 MP: 7/7
  7269 | D:5      | Found a glowing silver altar of Zin.
  7309 | D:5      | Reached skill level 5 in Armour
  7323 | D:5      | Found a stormy altar of Qazlal.
  7830 | D:6      | Found a shimmering blue altar of Sif Muna.
  7860 | D:6      | Found an ancient bone altar of Kikubaaqudgha.
  7871 | D:6      | Reached skill level 5 in Dodging
  7888 | D:6      | Found a radiant altar of Vehumet.
  8540 | D:6      | Identified Vehumet's Catalogue of Attacks
  8806 | D:7      | Reached XP level 9. HP: 78/78 MP: 8/8
  9100 | D:7      | Found an opulent altar of Gozag.
  9129 | D:7      | Became a worshipper of Gozag Ym Sagoz the Greedy
  9563 | D:7      | Found a blossoming altar of Fedhas.
  9754 | D:7      | Got a bound ruby amulet
  9775 | D:7      | Identified the amulet of Wemacwonin {RegenMP +Fly rN+
                  | Str+2} (You found it on level 7 of the Dungeon)
 10755 | D:8      | Found a staircase to the Lair.
 10755 | D:8      | Noticed an elephant
 10796 | D:7      | Killed an elephant
 10796 | D:7      | Reached XP level 10. HP: 19/88 MP: 9/9
 10799 | D:7      | Slain by a crocodile

Illustrated notes

Levels and vault maps discovered:
D:1:      dpeg_arrival_snail, layout_basic
D:2:      layout_loops_ring, nicolae_overflow_crystal_walls
D:3:      layout_basic, nrook_uturn, fountainhead
D:4:      layout_loops_ring, minmay_temple_entry_large_hall, first_ration,
          serial_shops, nicolae_shop_statue_plus, uniq_natasha
D:5:      layout_loops_ring, zin_scriptorium, grunt_temple_overflow_open,
          old_standard_altar, nicolae_tso_swordbearing_angel
D:6:      layout_cave_pools, palyth_temple_overflow_mages, serial_park_tiny_2
D:7:      layout_basic, overflow_temple_1_default, fedhas_altar_4
D:8:      layout_rooms, david_lair_generic, david_nohive_1
Temple:   hc_temple_tempest_star

Skill      XL: |  1  2  3  4  5  6  7  8  9 |
---------------+----------------------------+-----
Dodging        | 1 2 3 4 6 8 |  8.5
Armour         | 4 5 7 |  7.1
Stealth        | 1 2 3 |  3.0
Fighting       | 4 5 6 7 |  7.9
Long Blades    | 3 |  3.6
Short Blades   | 1 2 3 5 7 8 |  8.6
Throwing       | 1 2 |  2.2
Shields        | |  3.6

Action                   |  1- 3 |  4- 6 |  7- 9 | 10-12 || total
-------------------------+-------+-------+-------+-------++-------
Melee: Long sword        |    32 |       |    20 |       ||    52
       Headbutt          |     6 |    18 |    85 |     1 ||   110
       Rapier            |    26 |   138 |    75 |       ||   239
       Dagger            |       |       |   246 |     2 ||   248
Throw: Boomerang         |       |     2 |    12 |       ||    14
  Use: Scroll            |     4 |     5 |     2 |       ||    11
       Potion            |       |     6 |     8 |       ||    14
 Stab: Sleeping          |       |     1 |     3 |       ||     4
  Eat: Chunk             |     1 |     6 |    12 |       ||    19
       Ration            |       |     2 |     3 |       ||     5
Armor: Scale mail        |    32 |    20 |    31 |     1 ||    84
       Robe              |       |    17 |    19 |       ||    36
       Skin              |       |    10 |       |       ||    10
       Leather armour    |       |       |     7 |       ||     7
       Ring mail         |       |       |    15 |       ||    15
Dodge: Dodged            |    30 |    88 |   238 |       ||   356
       Rpst.: Long sword |     2 |       |     7 |       ||     9
